 Dungeon Crawl Stone Soup version 0.21-a0-633-g4c047d5 (webtiles) character file.

64585 tilp the Protected (level 15, -10/119 HPs)
             Began as a Gnoll Wanderer on Dec 28, 2017.
             Was the Champion of Cheibriados.
             Mangled by a skeletal warrior
             ... wielding a +0 glaive
             ... led by a death knight
              (18 damage)
             ... on level 14 of the Dungeon.
             The game lasted 01:21:19 (29461 turns).

tilp the Protected (Gnoll Wanderer)                Turns: 29461, Time: 01:21:19

Health: -10/119    AC: 16    Str: 34    XL:     15   Next: 13%
Magic:  24/28      EV: 19    Int: 34    God:    Cheibriados [******]
Gold:   1515       SH: 21    Dex: 27    Spells: 18/33 levels left

rFire    . . .     SeeInvis +   K - +0 short sword (elec)
rCold    . . .     Gourm    .   o - +0 large shield
rNeg     . . .     Faith    .   H - +2 leather armour {MR+}
rPois    .         Spirit   .   v - +2 helmet
rElec    .         Reflect  .   w - +1 cloak
rCorr    .         Harm     .   (no gloves)
MR       +++..                  D - +2 pair of boots {Stlth+}
Stlth    ++++++....             (no amulet)
HPRegen  0.29/turn              W - ring of protection from magic
MPRegen  0.21/turn              N - ring of see invisible

@: very slightly contaminated, very slow
A: distributed training, fangs 1, strong nose
a: Bend Time, Temporal Distortion, Slouch, Step From Time, Renounce Religion


You were on level 14 of the Dungeon.
You worshipped Cheibriados.
Cheibriados was exalted by your worship.
You were not hungry.

You visited 4 branches of the dungeon, and saw 23 of its levels.
You also visited: Ossuary.

You collected 1886 gold pieces.
You spent 371 gold pieces at shops.

Inventory:

Hand Weapons
 K - a +0 short sword of electrocution (weapon)
Missiles
 j - 4 javelins
 k - 4 throwing nets
 X - 5 silver tomahawks (quivered)
Armour
 f - a +2 chain mail of poison resistance
 o - a +0 large shield (worn)
 v - a +2 helmet (worn)
 w - a +1 cloak (worn)
 B - a +3 leather armour of positive energy
 D - a +2 pair of boots of stealth (worn)
 G - a +2 robe of fire resistance
 H - a +2 leather armour of magic resistance (worn)
 L - a +2 plate armour of magic resistance
 O - the +2 robe of True Grit {rElec rF+ Int-2}
   (You found it on level 6 of the Dungeon)

   It affects your intelligence (-2).
   It protects you from fire.
   It insulates you from electricity.
 Z - the +0 plate armour "Zidishim" {rC+}
   (You found it on level 14 of the Dungeon)

   It protects you from cold.
Jewellery
 g - an uncursed ring of protection from fire
 i - an uncursed ring of ice
 N - a ring of see invisible (right hand)
 T - an uncursed ring of stealth
 W - a ring of protection from magic (left hand)
Wands
 a - a wand of paralysis (24)
 t - a wand of acid (9)
 z - a wand of enslavement (17)
 A - a wand of flame (37)
 C - a wand of polymorph (24)
 E - a wand of clouds (4)
 J - a wand of digging (8)
Scrolls
 e - 5 scrolls of enchant weapon
 l - 8 scrolls of amnesia
 m - a scroll of magic mapping
 n - 4 scrolls of fog
 q - 11 scrolls of remove curse
 r - 9 scrolls of teleportation
 x - 4 scrolls of fear
 R - a scroll of identify
 S - a scroll of summoning
Potions
 c - 15 potions of curing
 h - 3 potions of magic
 s - a potion of mutation
 u - 2 potions of flight
 Q - a potion of brilliance
 U - a potion of invisibility
Books
 b - a book of Misfortune

   Spells                             Type                      Level
   a - Confusing Touch                Hexes                        1
   b - Confuse                        Hexes                        3
   c - Gell's Gravitas                Translocation                3
   d - Petrify                        Transmutation/Earth          4
   e - Metabolic Englaciation         Hexes/Ice                    5
   f - Yara's Violent Unravelling     Hexes/Transmutation          5
 y - a book of Maledictions

   Spells                             Type                      Level
   a - Corona                         Hexes                        1
   b - Ensorcelled Hibernation        Hexes/Ice                    2
   c - Confuse                        Hexes                        3
   d - Tukima's Dance                 Hexes                        3
   e - Dazzling Spray                 Conjuration/Hexes            3
 F - a book of Necromancy

   Spells                             Type                      Level
   a - Pain                           Necromancy                   1
   b - Animate Skeleton               Necromancy                   1
   c - Vampiric Draining              Necromancy                   3
   d - Regeneration                   Charms/Necromancy            3
   e - Animate Dead                   Necromancy                   4
   f - Borgnjor's Vile Clutch         Necromancy/Earth             5
 M - a book of Flames

   Spells                             Type                      Level
   a - Flame Tongue                   Conjuration/Fire             1
   b - Throw Flame                    Conjuration/Fire             2
   c - Conjure Flame                  Conjuration/Fire             3
   d - Inner Flame                    Hexes/Fire                   3
   e - Sticky Flame                   Conjuration/Fire             4
   f - Fireball                       Conjuration/Fire             5
 V - a book of Conjurations

   Spells                             Type                      Level
   a - Magic Dart                     Conjuration                  1
   b - Searing Ray                    Conjuration                  2
   c - Dazzling Spray                 Conjuration/Hexes            3
   d - Fulminant Prism                Conjuration/Hexes            4
   e - Force Lance                    Conjuration/Translocation    4
   f - Iskenderun's Mystic Blast      Conjuration                  4
Miscellaneous
 P - a lamp of fire
Comestibles
 d - 34 rations


   Skills:
 + Level 11.5 Fighting
 + Level 9.6 Short Blades
 + Level 9.6 Long Blades
 + Level 9.6 Axes
 + Level 9.6 Maces & Flails
 + Level 9.6 Polearms
 + Level 9.6 Staves
 + Level 9.6 Slings
 + Level 9.6 Bows
 + Level 9.6 Crossbows
 + Level 9.6 Throwing
 + Level 13.6 Armour
 + Level 9.6 Dodging
 + Level 9.6 Stealth
 + Level 9.6 Shields
 + Level 9.6 Unarmed Combat
 + Level 9.6 Spellcasting
 + Level 8.1 Conjurations
 + Level 8.1 Hexes
 + Level 8.1 Charms
 + Level 8.1 Summonings
 + Level 8.1 Necromancy
 + Level 8.1 Translocations
 + Level 8.1 Transmutations
 + Level 8.1 Fire Magic
 + Level 8.1 Ice Magic
 + Level 8.1 Air Magic
 + Level 8.1 Earth Magic
 + Level 8.1 Poison Magic
 + Level 10.4 Invocations
 + Level 10.6 Evocations


You had 18 spell levels left.
You knew the following spells:

 Your Spells              Type           Power        Failure   Level  Hunger
a - Conjure Flame         Conj/Fire      ######..     2%          3    None
b - Sticky Flame          Conj/Fire      ######..     8%          4    None
c - Regeneration          Chrm/Necr      ######....   2%          3    None
d - Animate Skeleton      Necr           N/A          1%          1    None
e - Animate Dead          Necr           N/A          8%          4    None


Dungeon Overview and Level Annotations

Branches:
Dungeon (14/15)            Temple (1/1) D:4            Lair (6/6) D:9
 Shoals (0/4) Lair:4        Snake (0/4) Lair:3        Slime (0/5) Lair:5
    Orc (2/2) D:12            Elf (0/3) Orc:2
 Vaults: D:13-14

Altars:
Ashenzari
Cheibriados
Dithmenos
Elyvilon
Fedhas
Gozag
Hepliaklqana
Kikubaaqudgha
Makhleb
Nemelex Xobeh
Okawaru
Qazlal
Ru
Sif Muna
Trog
Uskayaw
Vehumet
Wu Jian
Xom
Yredelemnul
Zin
The Shining One
Beogh

Shops:
D:5 %%(   D:12 ?(   D:13 (   Orc:2 (:!?

Annotations:
Lair:3 exclusion: oklob plant
Lair:5 exclusion: oklob plant


Innate Abilities, Weirdness & Mutations

Your experience applies equally to all skills.
You have very sharp teeth.
Your uncanny sense of smell can sniff out nearby items.


Message History

Blink to where?
Press: ? - help, Dir - move target cursor You are very lightly contaminated with residual magic.
As you read the scroll of blinking, it crumbles to dust.
You block the skeletal warrior's attack.
Cast which spell? (? or * to list)
Aiming: Conjure Flame
Press: ? - help, Dir - move target cursor The fire ignites!
You block the skeletal warrior's attack.
You block the skeletal warrior's attack.
The skeletal warrior is engulfed in blazing flames.
You block the skeletal warrior's attack.
Things that are here:
an uncursed shortbow; 41 arrows The skeletal warrior is engulfed in blazing flames.
You block the skeletal warrior's attack.
You see here 2 arrows.
The skeletal warrior hits you from afar with a glaive!!
You die...

####### #..[..#
#.###.########## #.#
#.z(@....).#
###.###.########.#######
######....z§.#
#......<....####
#.§).......###
#.###......>...#
#z####.###.# #.#
#######.##.# #......#
#.# #.# #.##.#
##......###.## #.#
#.##.# .l...........#
#.# #.#...
#.......###..# #.#
#...#.


You could see a skeletal warrior.

Vanquished Creatures
  Frances (D:11)
  The ghost of toffzen the Transmogrifier, a journeyman DrTm of Makhleb (D:14)
  2 orc warlords (D:12)
  The ghost of mtoz the Cleaver, a journeyman MiBe of Trog (D:12)
  Harold (Lair:4)
  3 vault guards (D:14)
  2 catoblepae
  3 hydras
  2 centaur warriors
  Erica (D:12)
  A death knight (D:14)
  4 two-headed ogres
  2 ogre magi (Orc:2)
  A tengu warrior (D:14)
  Nergalle (Lair:4)
  An orc high priest (Orc:2)
  The ghost of Nr616 the Cruncher, a novice MiGl of the Shining One (D:8)
  2 unseen horrors
  10 orc sorcerers (Orc:2)
  An orc knight (Orc:2)
  3 manticores
  4 cyclopes
  2 ugly things
  3 black mambas
  Maurice (D:12)
  A gargoyle (D:10)
  Joseph (D:7)
  5 spiny frogs
  A centaur skeleton (D:13)
  5 komodo dragons
  9 trolls
  A wind drake (shapeshifter) (D:14)
  Grinder (D:6)
  2 polar bears
  5 dream sheep (Lair:5)
  A slime creature (D:8)
  8 blink frogs
  8 hippogriffs
  2 water elementals (D:14)
  26 yaks
  4 wyverns
  7 vampire mosquitoes
  A basilisk (Lair:3)
  A hungry ghost (D:12)
  Menkaure (D:6)
  A soldier ant (D:11)
  13 water moccasins
  2 wargs
  12 porcupines
  27 orc warriors
  4 sky beasts
  An ice beast (D:8)
  2 phantoms
  2 black bears
  17 ogres
  2 necrophages
  18 wolves
  12 centaurs
  12 crocodiles
  3 big kobolds
  Blork the orc (D:4)
  18 bullfrogs
  A gnoll sergeant (D:12)
  A water moccasin skeleton (D:12)
  5 scorpions
  9 killer bees
  4 wights (D:12)
  3 electric eels
  7 howler monkeys
  6 centaur zombies
  6 crimson imps
  A bullfrog zombie (D:12)
  10 hounds
  3 jellies
  12 orc priests
  Crazy Yiuf (D:4)
  A gnoll shaman (D:8)
  37 orc wizards
  2 bullfrog skeletons
  Ijyb (D:3)
  3 iguanas
  9 worker ants
  2 killer bee zombies
  A big kobold zombie (Ossuary)
  3 hound zombies
  4 mummies (Ossuary)
  Robin (D:4)
  A worker ant zombie (D:11)
  12 gnolls
  16 adders
  5 shadow imps
  3 oozes
  2 adder skeletons (D:8)
  2 adder zombies
  2 worms
  2 dart slugs (D:2)
  5 leopard geckos
  87 orcs
  6 bats
  11 giant cockroaches
  18 goblins
  7 hobgoblins
  10 jackals
  14 kobolds
  7 quokkas
  A ball python (Lair:3)
  6 frilled lizards
  A giant cockroach zombie (D:6)
  3 hobgoblin zombies (Ossuary)
  A quokka skeleton (D:8)
  9 rats
  3 plants
658 creatures vanquished.

Vanquished Creatures (others)
  A centaur warrior (D:14)
  A two-headed ogre (D:14)
  A cyclops (D:14)
  3 centaurs (D:14)
  A scorpion (D:14)
  An orc wizard (Orc:2)
  An orc (Orc:2)
  3 fungi
  8 plants
20 creatures vanquished.

Grand Total: 678 creatures vanquished

Notes
Turn   | Place    | Note
-------+----------+-------------------------------------------
     0 | D:1      | Reached skill level 10 in Armour
     0 | D:1      | tilp the Gnoll Wanderer began the quest for the Orb.
     0 | D:1      | tilp set off with: a +2 scale mail, a +0 spear, a potion of curing, a ration
     0 | D:1      | Reached XP level 1. HP: 23/23 MP: 3/3
    45 | D:1      | Reached XP level 2. HP: 23/29 MP: 5/5
   343 | D:1      | Reached XP level 3. HP: 31/35 MP: 6/6
   604 | D:2      | Reached skill level 1 in Invocations
   840 | D:2      | Reached skill level 1 in Short Blades
   840 | D:2      | Reached skill level 1 in Long Blades
   840 | D:2      | Reached skill level 1 in Axes
   840 | D:2      | Reached skill level 1 in Maces & Flails
   840 | D:2      | Reached skill level 1 in Polearms
   840 | D:2      | Reached skill level 1 in Staves
   840 | D:2      | Reached skill level 1 in Slings
   840 | D:2      | Reached skill level 1 in Bows
   840 | D:2      | Reached skill level 1 in Crossbows
   840 | D:2      | Reached skill level 1 in Throwing
   840 | D:2      | Reached skill level 1 in Dodging
   840 | D:2      | Reached skill level 1 in Stealth
   840 | D:2      | Reached skill level 1 in Shields
   840 | D:2      | Reached skill level 1 in Unarmed Combat
   840 | D:2      | Reached skill level 1 in Spellcasting
  1137 | D:2      | Reached XP level 4. HP: 39/41 MP: 7/7
  1740 | D:3      | Reached skill level 1 in Conjurations
  1740 | D:3      | Reached skill level 1 in Hexes
  1740 | D:3      | Reached skill level 1 in Charms
  1740 | D:3      | Reached skill level 1 in Summonings
  1740 | D:3      | Reached skill level 1 in Necromancy
  1740 | D:3      | Reached skill level 1 in Translocations
  1740 | D:3      | Reached skill level 1 in Transmutations
  1740 | D:3      | Reached skill level 1 in Fire Magic
  1740 | D:3      | Reached skill level 1 in Ice Magic
  1740 | D:3      | Reached skill level 1 in Air Magic
  1740 | D:3      | Reached skill level 1 in Earth Magic
  1740 | D:3      | Reached skill level 1 in Poison Magic
  1764 | D:3      | Reached XP level 5. HP: 10/47 MP: 8/8
  2560 | D:3      | Reached XP level 6. HP: 43/53 MP: 9/9
  2575 | D:3      | Noticed Ijyb
  2597 | D:3      | Killed Ijyb
  2686 | D:4      | Noticed Blork the orc
  2760 | D:4      | Killed Blork the orc
  2760 | D:4      | Reached skill level 5 in Evocations
  3176 | D:4      | Found a runed door.
  3240 | D:4      | Found a staircase to the Ecumenical Temple.
  3256 | Temple   | Entered the Ecumenical Temple
  3359 | Temple   | Became a worshipper of Cheibriados the Contemplative
  3572 | D:4      | Noticed Robin
  3615 | D:4      | Killed Robin
  4053 | D:4      | Noticed Crazy Yiuf
  4064 | D:4      | Killed Crazy Yiuf
  4064 | D:4      | Reached XP level 7. HP: 42/59 MP: 10/10
  4282 | D:5      | Entered Level 5 of the Dungeon
  4371 | D:5      | Reached * piety under Cheibriados
  4573 | D:5      | Found Idat's Food Boutique.
  4924 | D:5      | Found Ykuhor's Antique Weapon Boutique.
  5012 | D:5      | Reached XP level 8. HP: 50/67 MP: 12/12
  5105 | D:5      | Learned a level 3 spell: Conjure Flame
  5110 | D:5      | Learned a level 4 spell: Sticky Flame
  5270 | D:5      | Noticed a hippogriff
  5281 | D:5      | Killed a hippogriff
  5318 | D:5      | Reached ** piety under Cheibriados
  5423 | D:5      | Found Ynamir's Food Emporium.
  5718 | D:6      | Noticed Grinder
  6149 | D:6      | Got a ripped robe
  6160 | D:6      | Noticed Menkaure
  6162 | D:6      | Killed Menkaure
  6162 | D:6      | Reached skill level 11 in Armour
  6162 | D:6      | Reached XP level 9. HP: 72/72 MP: 14/14
  7049 | D:6      | Paralysed by Grinder for 5 turns
  7061 | D:6      | Killed Grinder
  7129 | D:6      | Identified the +2 robe of True Grit {rElec rF+ Int-2} (You found it on level 6 of the Dungeon)
  7571 | D:7      | Noticed Joseph
  7614 | D:7      | Killed Joseph
  7828 | D:7      | Reached *** piety under Cheibriados
  8052 | D:7      | Reached skill level 5 in Invocations
  8525 | D:8      | Found a sand-covered staircase.
  8532 | Ossuary  | Entered an ossuary
  8688 | Ossuary  | Reached XP level 10. HP: 80/80 MP: 17/17
  8878 | D:8      | Reached **** piety under Cheibriados
  8974 | D:8      | Noticed Nr616's ghost (novice MiGl)
  8976 | D:8      | Noticed a manticore
  9133 | D:8      | Killed Nr616's ghost
  9133 | D:8      | Reached skill level 5 in Short Blades
  9133 | D:8      | Reached skill level 5 in Long Blades
  9133 | D:8      | Reached skill level 5 in Axes
  9133 | D:8      | Reached skill level 5 in Maces & Flails
  9133 | D:8      | Reached skill level 5 in Polearms
  9133 | D:8      | Reached skill level 5 in Staves
  9133 | D:8      | Reached skill level 5 in Slings
  9133 | D:8      | Reached skill level 5 in Bows
  9133 | D:8      | Reached skill level 5 in Crossbows
  9133 | D:8      | Reached skill level 5 in Throwing
  9133 | D:8      | Reached skill level 5 in Dodging
  9133 | D:8      | Reached skill level 5 in Stealth
  9133 | D:8      | Reached skill level 5 in Shields
  9133 | D:8      | Reached skill level 5 in Unarmed Combat
  9133 | D:8      | Reached skill level 5 in Spellcasting
  9335 | D:8      | Killed a manticore
 10171 | D:8      | Reached ***** piety under Cheibriados
 10247 | D:8      | Found a basalt altar of Yredelemnul.
 10570 | D:9      | Found a staircase to the Lair.
 10688 | D:9      | Found a blossoming altar of Fedhas.
 11282 | D:10     | Entered Level 10 of the Dungeon
 11586 | D:10     | Reached XP level 11. HP: 85/87 MP: 19/19
 12315 | D:10     | Noticed a two-headed ogre
 12321 | D:10     | Killed a two-headed ogre
 12321 | D:10     | Reached skill level 5 in Conjurations
 12321 | D:10     | Reached skill level 5 in Hexes
 12321 | D:10     | Reached skill level 5 in Charms
 12321 | D:10     | Reached skill level 5 in Summonings
 12321 | D:10     | Reached skill level 5 in Necromancy
 12321 | D:10     | Reached skill level 5 in Translocations
 12321 | D:10     | Reached skill level 5 in Transmutations
 12321 | D:10     | Reached skill level 5 in Fire Magic
 12321 | D:10     | Reached skill level 5 in Ice Magic
 12321 | D:10     | Reached skill level 5 in Air Magic
 12321 | D:10     | Reached skill level 5 in Earth Magic
 12321 | D:10     | Reached skill level 5 in Poison Magic
 12363 | D:11     | Noticed a two-headed ogre
 12375 | D:11     | Killed a two-headed ogre
 12489 | D:11     | Noticed a manticore
 12497 | D:11     | Killed a manticore
 12679 | D:11     | Noticed a purple ugly thing
 12687 | D:11     | Killed a purple ugly thing
 12805 | D:11     | Noticed a two-headed ogre
 12812 | D:11     | Killed a two-headed ogre
 13009 | D:11     | Reached skill level 12 in Armour
 13271 | D:12     | Noticed an unseen horror
 13306 | D:11     | Killed an unseen horror
 13306 | D:11     | Reached ****** piety under Cheibriados
 13421 | D:12     | Noticed Frances
 13523 | Lair:1   | Entered Level 1 of the Lair of Beasts
 13852 | Lair:1   | Reached XP level 12. HP: 96/96 MP: 22/22
 14200 | Lair:1   | Noticed a seven-headed hydra
 14205 | Lair:1   | Killed a seven-headed hydra
 14482 | Lair:2   | Noticed a catoblepas
 14509 | Lair:2   | Killed a catoblepas
 14850 | Lair:2   | Got a crude war axe
 14851 | Lair:2   | Identified the +5 war axe of Jifiev Tyci {venom, *Drain Int+3 Dex+6} (You found it on level 2 of the Lair of Beasts)
 15565 | Lair:3   | Found a staircase to the Snake Pit.
 15902 | Lair:3   | Reached skill level 10 in Fighting
 15973 | Lair:3   | Noticed a catoblepas
 15984 | Lair:3   | Killed a catoblepas
 16404 | Lair:3   | Reached XP level 13. HP: 103/103 MP: 24/24
 16521 | Lair:3   | Found a sacrificial altar of Ru.
 17001 | Lair:4   | Found a staircase to the Shoals.
 17485 | Lair:4   | Noticed Harold
 17781 | Lair:4   | Killed Harold
 18253 | Lair:4   | Noticed Nergalle
 18285 | Lair:4   | Killed Nergalle
 18380 | Lair:5   | Found a staircase to the Slime Pits.
 19483 | Lair:5   | You fall through a shaft!
 19483 | Lair:6   | Entered Level 6 of the Lair of Beasts
 19916 | D:11     | Killed Frances
 20195 | D:12     | Found a staircase to the Orcish Mines.
 20197 | D:12     | Found Tavogolusu's Weapon Emporium.
 20224 | D:12     | Found Dedaef's Magic Scroll Emporium.
 20227 | D:12     | Noticed Maurice
 20305 | D:12     | Killed Maurice
 20819 | D:12     | Noticed mtoz's ghost (journeyman MiBe)
 20861 | D:12     | HP: 3/104 [mtoz's ghost (20)]
 20865 | D:12     | Killed mtoz's ghost
 20865 | D:12     | Reached skill level 13 in Armour
 21782 | Orc:1    | Entered Level 1 of the Orcish Mines
 21782 | Orc:1    | Noticed an orc warlord
 21798 | Orc:1    | Noticed an orc warlord
 22095 | Orc:1    | Reached XP level 14. HP: 99/111 MP: 26/26
 22112 | D:12     | Killed an orc warlord
 22325 | D:12     | Killed an orc warlord
 22585 | Orc:1    | Noticed Erica
 22606 | D:12     | Killed Erica
 22606 | D:12     | Reached skill level 10 in Evocations
 23268 | Orc:2    | Entered Level 2 of the Orcish Mines
 23409 | Orc:2    | Found a staircase to the Elven Halls.
 25591 | Orc:2    | Found Cuescheo's Magic Scroll Shop.
 25600 | Orc:2    | Bought a scroll of enchant armour for 105 gold pieces
 25600 | Orc:2    | Bought a scroll of teleportation for 42 gold pieces
 25616 | Orc:2    | Found an ancient bone altar of Kikubaaqudgha.
 25764 | Orc:2    | Reached skill level 10 in Invocations
 25767 | Orc:2    | Found Ecroithreor's Distillery.
 25988 | Orc:2    | Bought a potion of heal wounds for 70 gold pieces
 25988 | Orc:2    | Bought a potion of mutation for 112 gold pieces
 25988 | Orc:2    | Bought a potion of curing for 42 gold pieces
 26082 | Orc:2    | Found a radiant altar of Vehumet.
 26105 | Orc:2    | Found a roughly hewn altar of Beogh.
 26247 | Orc:2    | Found Zuedieb's Book Boutique.
 26280 | Orc:2    | Found Methuqor's Antique Weapon Boutique.
 26332 | Orc:2    | Learned a level 3 spell: Regeneration
 26334 | Orc:2    | Learned a level 1 spell: Animate Skeleton
 26339 | Orc:2    | Learned a level 4 spell: Animate Dead
 26978 | D:13     | Found Hotya's Weapon Boutique.
 27584 | D:14     | Got a bloodstained plate armour
 28180 | D:14     | Identified the cursed +0 plate armour "Zidishim" {rC+} (You found it on level 14 of the Dungeon)
 28965 | D:14     | Reached XP level 15. HP: 119/119 MP: 28/28
 28976 | D:14     | Noticed toffzen's ghost (journeyman DrTm)
 29053 | D:14     | Killed toffzen's ghost
 29452 | D:14     | HP: 3/119 [skeletal warrior/glaive[a death knight] (17)]
 29461 | D:14     | Mangled by a skeletal warrior

Vault maps used:
D:1:      onia_arrival_handbag, minmay_misc_feat_room
D:3:      grunt_ministairs_10, uniq_ijyb
D:4:      minmay_temple_entry_statues, uniq_blork_the_orc,
          uniq_crazy_yiuf_cottage, uniq_robin
D:5:      minmay_diamond_boxcup, serial_shops, shop, nicolae_shop_statue_plus,
          shop_fountains, first_ration
D:6:      bh_walls_and_bars, uniq_grinder, uniq_menkaure
D:7:      uniq_joseph
D:8:      kennysheep_blocky_room, lemuel_doored_altar,
          nicolae_ossuary_entry_ruins, blue_anna_alchemist
D:9:      lair_entry_dummy, fedhas_bush_and_centaur_altar
D:10:     st_stairs_11
D:12:     orc_david_3, serial_shops, shop, uniq_frances, uniq_maurice
D:13:     serial_shops, kennysheep_mini
D:14:     lightli_vaults_fourway_checkpoint, serial_shops, freezing_bzr,
          serial_bayou_lake_a, uniq_snorg
Temple:   compressed_dpeg_circular_temple
Lair:2:   lemuel_fruit_tree
Lair:3:   minmay_snake_entry_six_corridors, basic_altar, minivault_26,
          serial_bayou_pond_c
Lair:4:   shoals_dummy_entry, infiniplex_staircase_pool, uniq_nergalle,
          uniq_harold
Lair:5:   slime_dummy, minivault_25, grunt_megastairs_1,
          minmay_lair_oklob_chamber, infiniplex_staircase_pool_2
Lair:6:   gammafunk_lair_ancient_temple, kennysheep_rathole,
          serial_bayou_shore_b, uniq_josephine
Orc:1:    uniq_erica
Orc:2:    kennysheep_orc_mage_school
Ossuary:  ossuary_the_hunt_dpeg

Skill      XL: |  1  2  3  4  5  6  7  8  9 10 11 12 13 14 |
---------------+-------------------------------------------+-----
Armour         | 11 12 13 | 13.6
Invocations    | 1 2 3 4 5 6 7 8 9 10 | 10.4
Short Blades   | 1 2 3 4 5 6 7 8 9 |  9.6
Long Blades    | 1 2 3 4 5 6 7 8 9 |  9.6
Axes           | 1 2 3 4 5 6 7 8 9 |  9.6
Maces & Flails | 1 2 3 4 5 6 7 8 9 |  9.6
Polearms       | 1 2 3 4 5 6 7 8 9 |  9.6
Staves         | 1 2 3 4 5 6 7 8 9 |  9.6
Slings         | 1 2 3 4 5 6 7 8 9 |  9.6
Bows           | 1 2 3 4 5 6 7 8 9 |  9.6
Crossbows      | 1 2 3 4 5 6 7 8 9 |  9.6
Throwing       | 1 2 3 4 5 6 7 8 9 |  9.6
Dodging        | 1 2 3 4 5 6 7 8 9 |  9.6
Stealth        | 1 2 3 4 5 6 7 8 9 |  9.6
Shields        | 1 2 3 4 5 6 7 8 9 |  9.6
Unarmed Combat | 1 2 3 4 5 6 7 8 9 |  9.6
Spellcasting   | 1 2 3 4 5 6 7 8 9 |  9.6
Conjurations   | 1 2 3 4 5 6 7 8 |  8.1
Hexes          | 1 2 3 4 5 6 7 8 |  8.1
Charms         | 1 2 3 4 5 6 7 8 |  8.1
Summonings     | 1 2 3 4 5 6 7 8 |  8.1
Necromancy     | 1 2 3 4 5 6 7 8 |  8.1
Translocations | 1 2 3 4 5 6 7 8 |  8.1
Transmutations | 1 2 3 4 5 6 7 8 |  8.1
Fire Magic     | 1 2 3 4 5 6 7 8 |  8.1
Ice Magic      | 1 2 3 4 5 6 7 8 |  8.1
Air Magic      | 1 2 3 4 5 6 7 8 |  8.1
Earth Magic    | 1 2 3 4 5 6 7 8 |  8.1
Poison Magic   | 1 2 3 4 5 6 7 8 |  8.1
Evocations     | 5 6 7 8 9 10 | 10.6
Fighting       | 7 8 9 10 11 | 11.5

Action                   |  1- 3 |  4- 6 |  7- 9 | 10-12 | 13-15 || total
-------------------------+-------+-------+-------+-------+-------++-------
Melee: Spear             |   191 |    54 |       |       |       ||   245
       Bite              |    19 |    32 |    64 |   172 |   280 ||   567
       Mace              |       |   201 |   441 |   301 |       ||   943
       Punch             |       |       |     5 |     6 |       ||    11
       Short sword       |       |       |       |   330 |  1262 ||  1592
       Morningstar       |       |       |       |    34 |       ||    34
       War axe           |       |       |       |    86 |       ||    86
Throw: Tomahawk          |       |       |    18 |    16 |     6 ||    40
       Javelin           |       |       |     2 |    20 |    27 ||    49
 Cast: Conjure Flame     |       |       |     1 |     2 |     4 ||     7
Invok: Bend Time         |       |       |       |     1 |     2 ||     3
       Temporal Distorti |       |       |       |     1 |       ||     1
       Slouch            |       |       |       |       |     7 ||     7
 Abil: Evoke Berserk Rag |       |     2 |       |       |       ||     2
Evoke: Wand              |       |       |     9 |     2 |       ||    11
  Use: Scroll            |       |     8 |    15 |    10 |    12 ||    45
       Potion            |       |     1 |     4 |     2 |     4 ||    11
 Stab: Sleeping          |       |     1 |    12 |     4 |    19 ||    36
       Distracted        |       |       |     1 |     2 |     6 ||     9
       Petrified         |       |       |       |     3 |       ||     3
  Eat: Chunk             |     1 |    12 |     5 |    14 |    17 ||    49
       Ration            |       |       |     1 |       |     2 ||     3
Armor: Scale mail        |   113 |    89 |       |       |       ||   202
       Acid dragon scale |       |    67 |   164 |       |       ||   231
       Plate armour      |       |       |   106 |   304 |       ||   410
       Skin              |       |       |    21 |       |    15 ||    36
       Leather armour    |       |       |       |    33 |   101 ||   134
       Ring mail         |       |       |       |       |    28 ||    28
       Robe              |       |       |       |       |     3 ||     3
Dodge: Dodged            |   122 |   156 |   294 |   276 |   508 ||  1356
Block: Large shield      |       |       |       |   697 |  1354 ||  2051

Table legend:
 A = Spawn XP
 B = Non-spawn XP
 C = Spawn XP percentage of total XP
 D = Spawn monster count
 E = Non-spawn monster count
 F = Spawn count percentage of total count
 G = Total turns spent on level
                    A         B        C        D         E        F      G
               +---------+---------+-------+---------+---------+-------+---------
         Total |       0 |   92265 |   0.0 |       0 |     656 |   0.0 | 29461
               +---------+---------+-------+---------+---------+-------+---------
           D:1 |       0 |      36 |   0.0 |       0 |      19 |   0.0 |   438
           D:2 |       0 |      56 |   0.0 |       0 |      30 |   0.0 |  1148
           D:3 |       0 |     283 |   0.0 |       0 |      31 |   0.0 |  1129
           D:4 |       0 |     261 |   0.0 |       0 |      26 |   0.0 |  1435
           D:5 |       0 |    1290 |   0.0 |       0 |      31 |   0.0 |  1353
           D:6 |       0 |    1234 |   0.0 |       0 |      23 |   0.0 |  1565
           D:7 |       0 |    1269 |   0.0 |       0 |      18 |   0.0 |  1320
           D:8 |       0 |    2725 |   0.0 |       0 |      28 |   0.0 |  1621
           D:9 |       0 |    1149 |   0.0 |       0 |      12 |   0.0 |   894
          D:10 |       0 |    2882 |   0.0 |       0 |      26 |   0.0 |  1089
          D:11 |       0 |    7334 |   0.0 |       0 |      34 |   0.0 |  1396
          D:12 |       0 |   12549 |   0.0 |       0 |      63 |   0.0 |  2722
          D:13 |       0 |    6443 |   0.0 |       0 |      25 |   0.0 |   977
          D:14 |       0 |   11078 |   0.0 |       0 |      28 |   0.0 |  1930
        Lair:1 |       0 |    4946 |   0.0 |       0 |      21 |   0.0 |   962
        Lair:2 |       0 |    4995 |   0.0 |       0 |      23 |   0.0 |  1114
        Lair:3 |       0 |    6083 |   0.0 |       0 |      31 |   0.0 |  1697
        Lair:4 |       0 |    6895 |   0.0 |       0 |      23 |   0.0 |  1207
        Lair:5 |       0 |    4770 |   0.0 |       0 |      27 |   0.0 |  1199
         Orc:1 |       0 |    3007 |   0.0 |       0 |      39 |   0.0 |   686
         Orc:2 |       0 |   12652 |   0.0 |       0 |      85 |   0.0 |  3067
       Ossuary |       0 |     328 |   0.0 |       0 |      13 |   0.0 |   331
               +---------+---------+-------+---------+---------+-------+---------
